 Dungeon Crawl Stone Soup version 0.28.0 (webtiles) character file.

Game seed: 14162701815087030427

3459 GrayStillPlays the Skirmisher (level 9, 0/79 HPs)
             Began as a Pale Draconian Fighter on Feb 9, 2022.
             Was an Initiate of Gozag.
             Slain by a death yak (12 damage)
             ... on level 8 of the Dungeon.
             The game lasted 00:24:29 (8986 turns).

GrayStillPlays the Skirmisher (DrFi)                Turns: 8986, Time: 00:24:30

Health: 0/79       AC:  8    Str: 18    XL:     9   Next: 78%
Magic:  16/16      EV: 13    Int: 14    God:    Gozag
Gold:   396        SH:  4    Dex: 10    Spells: 15/18 levels left

rFire   + . .      SeeInvis .   a - +0 war axe {axe}
rCold   . . .      Faith    .   b - +0 buckler
rNeg    . . .      Spirit   .   (armour unavailable)
rPois   .          Reflect  .   (helmet restricted)
rElec   .          Harm     .   (no cloak)
rCorr   .          Rampage  .   (no gloves)
Will    .....                   m - +0 pair of boots of the Harvest {rF+}
Stlth   +.........              (no amulet)
HPRegen 0.23/turn               (no ring)
MPRegen 0.15/turn               (no ring)

@: short of breath
A: breathe steam, AC +7, unfitting armour, cold-blooded, steam resistance
a: Breathe Steam, Renounce Religion, Potion Petition, Call Merchant, Bribe
Branch


You were on level 8 of the Dungeon.
You worshipped Gozag.
Gozag was aware of your devotion.
You visited 2 branches of the dungeon, and saw 9 of its levels.
You also visited: Sewer.

You collected 505 gold pieces.
You paid 109 gold pieces to Gozag.


Innate Abilities, Weirdness & Mutations

You can breathe blasts of scalding, opaque steam.
Your pale cyan-grey scales are hard. (AC +7)
You cannot fit into any form of body armour.
You are cold-blooded and may be slowed by cold attacks.
You are immune to the effects of steam.


   Skills:
 + Level 7.5 Fighting
 - Level 6.2 Axes
 + Level 1.2 Throwing
 + Level 6.3 Dodging
 - Level 4.0 Shields
 - Level 5.1 Spellcasting
 - Level 5.6 Transmutations
 + Level 0.4 Fire Magic
 + Level 1.0 Air Magic
 + Level 1.4 Evocations


You had 15 spell levels left.
You knew the following spells:

 Your Spells              Type           Power      Damage    Failure   Level
a - Beastly Appendage     Tmut           38%        N/A       2%          1
b - Static Discharge      Conj/Air       5%         N/A       26%         2

Your spell library contained the following spells:

 Spells                   Type           Power      Damage    Failure   Level
 Wereblood                Tmut           19%        N/A       3%          2
 Spider Form              Tmut/Pois      11%        N/A       21%         3
 Stone Arrow              Conj/Erth      6%         3d7       54%         3
 Sticky Flame             Conj/Fire      4%         2d3       90%         4
 Dispel Undead            Necr           3%         3d7       91%         4
 Lehudib's Crystal Spear  Conj/Erth      1%         10d2      100%        8
 Animate Armour           Summ/Erth      Unusable   N/A       N/A         4

Inventory:

Hand Weapons
 a - a +0 war axe (weapon) {axe}
 l - a +3 great sword {long}
   (You took it off a wight on level 6 of the Dungeon)
 s - a +0 falchion of flaming {long}
   (You took it off an orc on level 5 of the Dungeon)
 F - a +1 whip of freezing {mace}
   (You took it off Pikel on level 5 of the Dungeon)
 K - a +1 vorpal mace {mace}
   (You found it on level 6 of the Dungeon)
 N - a +1 spear of freezing {polearm}
   (You took it off a wight on level 6 of the Dungeon)
 O - a +4 falchion of freezing {long}
   (You took it off a wight on level 6 of the Dungeon)
Missiles
 c - 9 poisoned darts {throwing}
 d - 282 stones {throwing}
 f - 55 bolts
 g - 3 boomerangs {throwing}
 i - a throwing net {=f!fthrowing}
 q - 37 sling bullets
 x - 47 arrows
 B - 5 atropa-tipped darts (quivered) {throwing}
Armour
 b - a +0 buckler (worn)
 m - the +0 pair of boots of the Harvest (worn) {rF+}
   (You found it on level 2 of the Dungeon)

   rF:        It protects you from fire.
Magical Staves
 P - a staff of air {!astaff}
   (You found it on level 6 of the Dungeon)
Wands
 C - a wand of acid (4)
   (You found it on level 3 of the Dungeon)
 E - a wand of flame (18)
   (You took it off Robin on level 4 of the Dungeon)
 G - a wand of iceblast (4)
   (You took it off Pikel on level 5 of the Dungeon)
 M - a wand of digging (5)
   (You found it on level 6 of the Dungeon)
Scrolls
 j - 2 scrolls of fear
 k - 5 scrolls of magic mapping {!r}
 o - 2 scrolls of vulnerability {!r!r}
 t - 2 scrolls of fog
 u - 4 scrolls of enchant weapon
 w - a scroll of amnesia {unknown}
 y - a scroll of teleportation {unknown}
 J - a scroll of immolation {unknown}
 Q - a scroll of silence {unknown}
 R - a scroll of acquirement {unknown}
Potions
 e - a potion of attraction {unknown}
 h - 4 potions of flight
 n - 5 potions of curing {@q1}
 p - 2 potions of heal wounds {unknown}
 r - a potion of degeneration {unknown}
 v - a potion of haste {unknown}
 z - a potion of invisibility {unknown}
 A - 2 potions of brilliance {unknown}
 D - 2 potions of lignification {!q}
 H - a potion of might
 I - 2 potions of berserk rage {unknown}
 L - 2 potions of mutation {unknown}

Dungeon Overview and Level Annotations

Branches:
Dungeon (8/15)             Temple (1/1) D:6            Lair (0/6) D:8
  Sewer (visited)

Altars:
Ashenzari
Dithmenos
Fedhas
Gozag
Kikubaaqudgha
Okawaru
Ru
Yredelemnul

Shops:
D:5 *

Annotations:
D:8 2 transporters #.....#..##...##..#.# ####.#.#.....ยฉ.....#.####### ..... Found an ancient bone altar of Kikubaaqudgha. ๐Ÿ˜ฑ HP[+1] ๐Ÿ˜ฑ HP[+1] ๐Ÿ˜ฑ HP[+1] The death yak snorts and paws the ground. There is a transporter landing site here. ๐Ÿ˜ฑ HP[+1] ๐Ÿ˜ฑ HP[+1] ๐Ÿ˜ฑ HP[+1] ๐Ÿ˜จ HP[+1] ๐Ÿ˜จ HP[+1] ๐Ÿ˜จ HP[+1] There is a transporter here. The yak bellows! ๐Ÿ˜จ HP[+1] The yak bellows! Read: 3 scrolls of fear Press: ? - help, Q - select action, (/) - cycle Dir - look around, f - activate Look: a death yak (chance to affect: 47%) As you read the scroll of fear, it crumbles to dust. You assume a fearsome visage. The death yak looks frightened! x2 The death yak resists with almost no effort. The yak looks frightened! x2 The death yak gores you! * * * LOW HITPOINT WARNING * * * ๐Ÿ˜ฑ HP[-12] You take 12 damage, and now have 11/79 hp. Aiming: Breathe Steam (1% risk of failure) Press: ? - help, Shift-Dir - straight line, f - death yak, p - death yak Aim: a death yak (fleeing, 90% to hit) You exhale a blast of scalding steam. The ball of steam hits the death yak. The death yak is engulfed in a cloud of scalding steam. The death yak gores you! You die... Your body crumbles into a pile of gold.

Skill      XL: |  1  2  3  4  5  6  7  8  9 |
---------------+----------------------------+-----
Dodging        | 3 4 5 6 |  6.3
Fighting       | 4 5 6 7 |  7.5
Axes           | 3 4 5 6 |  6.2
Transmutations | 1 2 3 4 5 |  5.6
Spellcasting   | 1 2 3 4 5 |  5.1
Shields        | 4 |  4.0
Throwing       | 1 |  1.2
Evocations     | 1 |  1.4
Air Magic      | 1 |  1.0
Fire Magic     | |  0.4

Action                   |  1- 3 |  4- 6 |  7- 9 || total
-------------------------+-------+-------+-------++-------
Melee: War axe           |    84 |   132 |   183 ||   399
       Tailslap          |     4 |    10 |    22 ||    36
       Kick              |       |       |     3 ||     3
Throw: Boomerang         |       |     9 |       ||     9
       Throwing net      |       |     1 |       ||     1
       Dart              |       |       |     1 ||     1
 Cast: Beastly Appendage |       |       |     2 ||     2
 Abil: Breathe Steam     |       |       |    30 ||    30
Evoke: Wand              |       |       |     2 ||     2
  Use: Potion            |       |     2 |       ||     2
       Scroll            |       |       |     9 ||     9
 Stab: Sleeping          |       |     1 |       ||     1
Armor: Skin              |    36 |    54 |    67 ||   157
Dodge: Dodged            |    65 |   115 |   131 ||   311
Block: Buckler           |    24 |    45 |    41 ||   110

Levels and vault maps discovered:
D:1:      dpeg_arrival_castle, layout_loops_cross,
          shapermc_ecumenical_altar_hornbeckon
D:2:      layout_basic, basic_altar
D:3:      layout_loops_cross, kennysheep_generic_room_8
D:4:      layout_rooms, portal_sewer_entry_f, uniq_grinder, uniq_robin
D:5:      layout_basic, serial_shops, shop_coins,
          hellmonk_ghost_happy_afterlife, uniq_pikel
D:6:      layout_cave_pools, minmay_temple_entry_slanted,
          minmay_fractal_squares_5
D:7:      layout_basic
D:8:      layout_basic, gammafunk_temple_of_torment, dpeg_lair_monsters
Temple:   mainiacjoe_temple_big_plus

Notes
Turn   | Place    | Note
-------+----------+-------------------------------------------
     0 | D:1      | GrayStillPlays the Draconian Fighter began the quest for
                  | the Orb.
     0 | D:1      | Reached XP level 1. HP: 19/19 MP: 1/1
     0 | D:1      | magus.rc [v1.9.6]
   361 | D:1      | Reached XP level 2. HP: 26/26 MP: 2/2
   638 | D:1      | Reached skill level 3 in Dodging
   688 | D:1      | Found a faded altar of an unknown god.
   874 | D:1      | Reached XP level 3. HP: 27/31 MP: 3/3
  1564 | D:2      | Identified the +0 pair of boots of the Harvest {rF+}
  1581 | D:2      | Reached XP level 4. HP: 36/40 MP: 4/4
  1684 | D:2      | Reached skill level 4 in Fighting
  1743 | D:2      | Found a sacrificial altar of Ru.
  1757 | D:2      | You pick up a book of Changes and begin reading...
  1757 | D:2      | You add the spells Beastly Appendage, Wereblood and Spider
                  | Form to your library.
  1987 | D:2      | Learned a level 1 spell: Beastly Appendage
  2012 | D:3      | You fall into a shaft and drop 2 floors!
  2012 | D:5      | Entered Level 5 of the Dungeon
  2012 | D:5      | Noticed an ice beast
  2024 | D:5      | Found a runed translucent door.
  2024 | D:5      | Noticed shmeve's ghost (novice TrBe)
  2054 | D:5      | Reached skill level 3 in Axes
  2054 | D:5      | Reached XP level 5. HP: 27/46 MP: 5/5
  2130 | D:5      | HP: 9/46 [ice beast (13)]
  2209 | D:5      | Found Fealaite's General Store.
  2425 | D:5      | Reached skill level 1 in Transmutations
  2429 | D:5      | Reached skill level 1 in Spellcasting
  2646 | D:5      | Reached skill level 4 in Shields
  2657 | D:5      | Killed an ice beast
  2658 | D:5      | Reached XP level 6. HP: 17/53 MP: 6/8
  3141 | D:4      | Reached skill level 2 in Transmutations
  3157 | D:4      | Found a glowing drain.
  3161 | D:4      | Reached skill level 4 in Dodging
  3234 | Sewer    | Entered a sewer
  3413 | Sewer    | Reached skill level 2 in Spellcasting
  3711 | D:4      | Noticed Grinder
  3730 | D:4      | Killed Grinder
  3731 | D:4      | Reached skill level 5 in Fighting
  3731 | D:4      | Reached skill level 4 in Axes
  3731 | D:4      | Your scales start taking on a pale cyan-grey colour.
  3731 | D:4      | Reached XP level 7. HP: 51/61 MP: 10/10
  3731 | D:4      | Gained mutation: You are immune to the effects of steam.
                  | [Pale Draconian growth]
  4548 | D:4      | Noticed Robin
  4561 | D:4      | Killed Robin
  4892 | D:5      | Reached skill level 3 in Transmutations
  5031 | D:5      | Noticed Pikel
  5039 | D:5      | HP: 14/61 [Pikel (2)]
  5040 | D:5      | Killed Pikel
  5041 | D:5      | Reached skill level 6 in Fighting
  5041 | D:5      | Reached skill level 5 in Dodging
  5041 | D:5      | Reached skill level 3 in Spellcasting
  5041 | D:5      | Reached XP level 8. HP: 17/70 MP: 11/13
  5479 | D:5      | Reached skill level 5 in Axes
  5605 | D:5      | Killed shmeve's ghost
  5606 | D:5      | Reached skill level 4 in Spellcasting
  5606 | D:5      | Reached skill level 4 in Transmutations
  5876 | D:6      | Noticed a hornet
  5881 | D:6      | Killed a hornet
  5882 | D:6      | Reached XP level 9. HP: 53/78 MP: 15/15
  6364 | D:6      | You pick up a book of Armaments and begin reading...
  6364 | D:6      | You add the spells Stone Arrow and Lehudib's Crystal Spear
                  | to your library.
  6699 | D:6      | Reached skill level 7 in Fighting
  6699 | D:6      | Reached skill level 5 in Transmutations
  6770 | D:6      | Reached skill level 6 in Axes
  6887 | D:6      | Found a staircase to the Ecumenical Temple.
  6897 | Temple   | Entered the Ecumenical Temple
  7008 | Temple   | Became a worshipper of Gozag Ym Sagoz the Greedy
  7068 | D:6      | Reached skill level 6 in Dodging
  7429 | D:7      | Noticed a komodo dragon
  7441 | D:7      | HP: 18/79 [komodo dragon (13)]
  7511 | D:7      | Killed a komodo dragon
  7512 | D:7      | Reached skill level 5 in Spellcasting
  7857 | D:7      | You pick up a book of Touch and begin reading...
  7857 | D:7      | You add the spells Static Discharge, Sticky Flame and
                  | Dispel Undead to your library.
  7861 | D:7      | Learned a level 2 spell: Static Discharge
  8068 | D:7      | Reached skill level 1 in Throwing
  8068 | D:7      | Reached skill level 1 in Evocations
  8880 | D:8      | Noticed a skeletal warrior
  8880 | D:8      | Found a transporter.
  8880 | D:8      | Found a basalt altar of Yredelemnul.
  8881 | D:8      | Found a transporter.
  8896 | D:8      | Reached skill level 1 in Air Magic
  8896 | D:8      | Noticed a death knight
  8899 | D:8      | Noticed a skeletal warrior
  8905 | D:8      | Noticed a death yak
  8905 | D:8      | Noticed a death yak
  8905 | D:8      | Noticed a death yak
  8907 | D:8      | Found a staircase to the Lair.
  8908 | D:8      | Noticed a death yak
  8908 | D:8      | Noticed a death yak
  8916 | D:8      | Noticed a death yak
  8924 | D:8      | HP: 12/79 [death yak (13)]
  8930 | D:8      | HP: 11/79 [yak (3)]
  8940 | D:8      | Found an ancient bone altar of Kikubaaqudgha.
  8985 | D:8      | HP: 11/79 [death yak (12)]
  8986 | D:8      | Slain by a death yak

Vanquished Creatures
  Pikel (D:5)
  The ghost of shmeve the Ruffian, a novice TrBe of Trog (D:5)
  A komodo dragon (D:7)
  A hornet (D:6)
  Grinder (D:4)
  A black bear (D:5)
  3 ice beasts
  An orc warrior (D:7)
  2 ogres
  A phantom (D:6)
  A lemure (D:5)
  A kobold brigand (D:6)
  A scorpion (D:6)
  7 wights (D:6)
  A howler monkey (D:8)
  6 hounds
  2 orc priests
  A gnoll shaman (D:6)
  3 jellies
  A bullfrog skeleton (D:7)
  2 orc wizards (D:6)
  3 iguanas
  A killer bee zombie (D:7)
  A howler monkey zombie (D:5)
  Robin (D:4)
  18 adders
  3 gnolls (D:6)
  A shadow imp (D:6)
  A white imp (D:6)
  An adder skeleton (D:4)
  2 dart slugs (D:1)
  8 orcs
  11 bats
  11 endoplasms
  5 giant cockroaches
  14 goblins
  6 hobgoblins
  4 jackals (D:1)
  12 kobolds
  6 quokkas
  12 ball pythons
  6 frilled lizards
  4 rats
170 creatures vanquished.

Vanquished Creatures (others)
  2 fungi (D:1)
  A plant (D:1)
3 creatures vanquished.

Grand Total: 173 creatures vanquished

Table legend:
 A = Non-vault XP
 B = Vault XP
 C = Vault XP percentage of total XP
 D = Non-vault monster count
 E = Vault monster count
 F = Vault count percentage of total count
                 A         B        C        D         E       F
            +---------+---------+-------+---------+---------+-------
      Total |    3317 |    1625 |  32.9 |     136 |      33 |  19.5
            +---------+---------+-------+---------+---------+-------
        D:1 |      60 |       0 |   0.0 |      34 |       0 |   0.0
        D:2 |      82 |       0 |   0.0 |      15 |       0 |   0.0
        D:3 |      29 |       2 |   6.5 |      11 |       1 |   8.3
        D:4 |     187 |     307 |  62.1 |      13 |      18 |  58.1
        D:5 |     677 |    1149 |  62.9 |      20 |       2 |   9.1
        D:6 |    1607 |      96 |   5.6 |      33 |       2 |   5.7
        D:7 |     620 |       0 |   0.0 |       9 |       0 |   0.0
        D:8 |      55 |       0 |   0.0 |       1 |       0 |   0.0
      Sewer |       0 |      71 | 100.0 |       0 |      10 | 100.0
            +---------+---------+-------+---------+---------+-------

Illustrated notes

Table legend:
 A = Kills in this place as a percentage of kills in entire the game.
 B = Kills by you in this place as a percentage of kills by you in the entire game.
 C = Kills by friends in this place as a percentage of kills by friends in the entire game.
 D = Other kills in this place as a percentage of other kills in the entire game.
 E = Experience gained in this place as a percentage of experience gained in the entire game.
 F = Experience gained in this place divided by the number of levels of this place that you have seen.
                   A       B       C       D       E      F
               +-------+-------+-------+-------+-------+----------------------
         Total | 100.0 | 100.0 |   N/A |   N/A | 100.0 | 494.2
       Dungeon |  94.1 |  94.1 |   N/A |   N/A |  98.6 | 608.9
         Sewer |   5.9 |   5.9 |   N/A |   N/A |   1.4 |  71.0
               +-------+-------+-------+-------+-------+----------------------

Table legend: (Time is in decaauts)
 A = Elapsed time spent in this place.
 B = Non-inter-level travel time spent in this place.
 C = Inter-level travel time spent in this place.
 D = Time resting spent in this place.
 E = Time spent auto-exploring this place.
 F = Levels seen in this place.
 G = Mean time per level.
                   A        B        C        D        E       F      G
               +--------+--------+--------+--------+--------+-----+--------+
         Total |   9238 |   9016 |    222 |   1612 |   5499 |  10 |  923.8 |
       Dungeon |   8534 |   8337 |    197 |   1489 |   5136 |   8 | 1066.8 |
        Temple |    138 |    113 |     25 |      0 |    110 |   1 |  138.0 |
         Sewer |    565 |    565 |      0 |    123 |    253 |   1 |  565.0 |
               +--------+--------+--------+--------+--------+-----+--------+

Top non-repeatable levels by time:
     D:5: 2606 daAuts
     D:7: 1475 daAuts
     D:1: 1220 daAuts
     D:6: 875 daAuts
     D:2: 834 daAuts
     D:4: 715 daAuts
     D:3: 697 daAuts
   Sewer: 565 daAuts
  Temple: 138 daAuts
     D:8: 108 daAuts
